 Dungeon Crawl Stone Soup version 0.27-a0-380-g150de4c316 (webtiles) character file.

Game seed: 4018453814327357526

416 wampuh the Scholar of Death (level 6, -1/43 HPs)
             Began as a Vampire Necromancer on Feb 17, 2021.
             Was a Follower of Kikubaaqudgha.
             Slain by an orc warrior
             ... wielding a +0 long sword
              (20 damage)
             ... on level 3 of the Dungeon.
             The game lasted 00:06:58 (2896 turns).

wampuh the Scholar of Death (Vampire Necromancer)   Turns: 2896, Time: 00:06:59

Health: -1/43      AC:  3    Str:  7    XL:     6   Next: 60%
Magic:  0/11       EV: 13    Int: 20    God:    Kikubaaqudgha [*.....]
Gold:   57         SH:  0    Dex: 14    Spells: 8/12 levels left

rFire    . . .     SeeInvis +   i - +3 short sword (venom)
rCold    . . .     Faith    .   (no shield)
rNeg     . . .     Spirit   .   a - +0 robe
rPois    .         Reflect  .   (no helmet)
rElec    .         Harm     .   (no cloak)
rCorr    .         Rampage  .   d - +0 pair of gloves
Will     .....                  (no boots)
Stlth    +++.......             (no amulet)
HPRegen  0.34/turn              (no ring)
MPRegen  0.12/turn              (no ring)

@: regenerating quickly
A: fangs 3, see invisible, unbreathing
a: Exsanguinate, Renounce Religion, Receive Corpses


You were on level 3 of the Dungeon.
You worshipped Kikubaaqudgha.
Kikubaaqudgha was aware of your devotion.
You visited 1 branch of the dungeon, and saw 3 of its levels.

You collected 57 gold pieces.

Inventory:

Hand Weapons
 i - a +3 short sword of venom (weapon)
Armour
 a - a +0 robe (worn)
 d - a +0 pair of gloves (worn)
Scrolls
 b - a scroll of magic mapping {unknown}
 c - 3 scrolls of fog {unknown}
 e - 2 scrolls of fear {unknown}
 f - 2 scrolls of identify {unknown}
 j - a scroll of immolation {unknown}
Potions
 g - a potion of haste {unknown}
 h - a potion of attraction
 k - 2 potions of flight {unknown}
 l - a potion of invisibility {unknown}


   Skills:
 + Level 1.5 Fighting
 + Level 3.2 Dodging
 + Level 4.2 Stealth
 + Level 3.9 Spellcasting
 * Level 6.5 Necromancy


You had 8 spell levels left.
You knew the following spells:

 Your Spells              Type           Power        Failure   Level
a - Pain                  Necr           100%         1%          1
b - Vampiric Draining     Necr           15%          2%          3

Your spell library contained the following spells:

 Spells                   Type           Power        Failure   Level
 Animate Skeleton         Necr           60%          1%          1
 Sublimation of Blood     Necr           15%          1%          2
 Animate Dead             Necr           15%          9%          4
 Agony                    Necr           30%          24%         5


Dungeon Overview and Level Annotations

Branches:
Dungeon (3/15)

Altars:
Kikubaaqudgha


Innate Abilities, Weirdness & Mutations

Your natural rate of healing is unusually fast.
You have razor-sharp teeth.
You have supernaturally acute eyesight. (SInv)
You can survive without breathing.


Message History

Aim: an orc warrior, wielding a +0 long sword and wearing a +0 plate armour (chance to affect: 84%)
The orc warrior barely resists.
A hobgoblin comes into view. It is wielding a +0 club.
Casting: Pain (safe; 1% risk of failure)
Confirm with . or Enter, or press ? or * to list all spells.
Aiming: Pain (safe; 1% risk of failure)
Press: ? - help, Shift-Dir - straight line, f/p - orc warrior
Aim: an orc warrior, wielding a +0 long sword and wearing a +0 plate armour (chance to affect: 84%)
The orc warrior barely resists.
The orc warrior barely misses you.
The orc drinks a potion.
The orc is healed!
The orc looks more healthy.
No previous command to re-do.
You closely miss the orc warrior.
The orc warrior hits you with a +0 long sword!!
Casting: Pain (safe; 1% risk of failure)
Confirm with . or Enter, or press ? or * to list all spells.
Aiming: Vampiric Draining (dangerous; 2% risk of failure)
Press: ? - help, Shift-Dir - straight line, f/p - orc warrior
Aim: an orc warrior, wielding a +0 long sword and wearing a +0 plate armour The orc warrior is moderately wounded.
You feel life coursing into your body. The orc warrior closely misses you.
Casting: Vampiric Draining (dangerous; 2% risk of failure)
Confirm with . or Enter, or press ? or * to list all spells.
Aiming: Vampiric Draining (dangerous; 2% risk of failure)
Press: ? - help, Shift-Dir - straight line, f/p - orc warrior
Aim: an orc warrior, wielding a +0 long sword and wearing a +0 plate armour (moderately wounded)
The orc warrior is moderately wounded.
You feel life coursing into your body. The orc warrior closely misses you.
Casting: Vampiric Draining (dangerous; 2% risk of failure)
Confirm with . or Enter, or press ? or * to list all spells.
Aiming: Vampiric Draining (dangerous; 2% risk of failure)
Press: ? - help, Shift-Dir - straight line, f/p - orc warrior
Aim: an orc warrior, wielding a +0 long sword and wearing a +0 plate armour (moderately wounded)
The orc warrior is severely wounded.
You feel life coursing into your body.
The orc warrior hits you with a +0 long sword!
You closely miss the orc warrior.
The orc warrior is severely wounded.
The orc warrior hits you with a +0 long sword!!
You die...
Kikubaaqudgha rasps: "You have failed me!
Welcome... death!"

.. .....##
##.......##
..........
#.......##.# ##
......# #.# #. #.
#....# #.# #.
#..S###.#.# #.# #.
#..ooo@...# #.# #.
#.#g###...# #.# #.
###.# #.# #.
#.#####.#####.######.
#......#.............
#######.######.#####.
#####.#####.#.####.
.......).).###...#.
#####.#####.#.##...


You could see an orc warrior, an orc wizard (invisible), an adder, an orc and a
hobgoblin.

Vanquished Creatures
  An orc warrior (D:3)
  2 orc priests (D:3)
  Natasha (twice) (D:3)
  2 orc wizards (D:3)
  A worker ant (D:3)
  4 adders (D:2)
  An ooze (D:1)
  9 worms
  A dart slug (D:1)
  3 leopard geckos
  4 orcs (D:3)
  6 bats
  5 giant cockroaches
  9 goblins
  6 hobgoblins
  7 jackals (D:2)
  4 kobolds
  A quokka (D:2)
  3 frilled lizards (D:1)
  4 rats
75 creatures vanquished.

Notes
Turn   | Place    | Note
-------+----------+-------------------------------------------
     0 | D:1      | wampuh the Vampire Necromancer began the quest for the Orb.
     0 | D:1      | Reached XP level 1. HP: 13/13 MP: 3/3
   240 | D:1      | Reached XP level 2. HP: 6/19 MP: 1/5
   718 | D:1      | Reached XP level 3. HP: 22/24 MP: 4/7
   751 | D:1      | Reached skill level 5 in Necromancy
  1124 | D:2      | Learned a level 3 spell: Vampiric Draining
  1256 | D:2      | Reached XP level 4. HP: 9/27 MP: 2/8
  1264 | D:2      | HP: 2/40 [adder (3)]
  2236 | D:3      | Noticed Natasha
  2241 | D:3      | Killed Natasha
  2242 | D:3      | Reached XP level 5. HP: 23/32 MP: 10/10
  2306 | D:3      | Reached skill level 6 in Necromancy
  2428 | D:3      | Found a faded altar of an unknown god.
  2477 | D:3      | Became a worshipper of Kikubaaqudgha
  2477 | D:3      | Reached * piety under Kikubaaqudgha
  2477 | D:3      | Identified Kikubaaqudgha's Guide on Evil (Kikubaaqudgha
                  | gifted it to you on level 3 of the Dungeon)
  2477 | D:3      | Received a gift from Kikubaaqudgha
  2506 | D:3      | Noticed Natasha
  2514 | D:3      | Killed Natasha
  2515 | D:3      | Reached skill level 1 in Fighting
  2663 | D:3      | Reached XP level 6. HP: 38/43 MP: 5/11
  2772 | D:3      | Noticed an orc warrior
  2781 | D:3      | Killed an orc warrior
  2885 | D:3      | Noticed an orc warrior
  2896 | D:3      | Slain by an orc warrior

Illustrated notes

Levels and vault maps discovered:
D:1:      lightli_molten_gateway, layout_basic
D:2:      layout_loops_cross
D:3:      layout_loops_ring, chequers_ecumenical_altar_island, uniq_natasha,
          uniq_robin

Skill      XL: |  1  2  3  4  5  6 |
---------------+-------------------+-----
Necromancy     | 5 6 |  6.5
Spellcasting   | 3 |  3.9
Fighting       | 1 |  1.5
Dodging        | 3 |  3.2
Stealth        | 4 |  4.2

Action                   |  1- 3 |  4- 6 || total
-------------------------+-------+-------++-------
Melee: Club              |    32 |       ||    32
       Bite              |     8 |     7 ||    15
       Short sword       |    35 |    85 ||   120
 Cast: Pain              |    36 |    44 ||    80
       Vampiric Draining |       |     9 ||     9
 Abil: Exsanguinate      |     1 |       ||     1
       Revivify          |     1 |       ||     1
  Use: Potion            |     2 |       ||     2
 Stab: Sleeping          |     3 |     3 ||     6
Armor: Robe              |    18 |    11 ||    29
       Skin              |     5 |    12 ||    17
Dodge: Dodged            |    47 |    36 ||    83

Table legend: (Time is in decaauts)
 A = Elapsed time spent in this place.
 B = Non-inter-level travel time spent in this place.
 C = Inter-level travel time spent in this place.
 D = Time resting spent in this place.
 E = Time spent auto-exploring this place.
 F = Levels seen in this place.
 G = Mean time per level.
                   A        B        C        D        E       F      G
               +--------+--------+--------+--------+--------+-----+--------+
         Total |   2929 |   2828 |    101 |    776 |   1442 |   3 |  976.3 |
       Dungeon |   2929 |   2828 |    101 |    776 |   1442 |   3 |  976.3 |
               +--------+--------+--------+--------+--------+-----+--------+

Top non-repeatable levels by time:
     D:2: 1144 daAuts
     D:1: 1041 daAuts
     D:3: 742 daAuts
